 Dungeon Crawl Stone Soup version 0.29.1-4-g47bece8355 (webtiles) character file.

Game seed: 10598083572405221564

9744 ChadusMaximus the Cleaver (level 11, 0/102 HPs)
             Began as a Minotaur Berserker on Dec 8, 2022.
             Was an Elder of Trog.
             Succumbed to Sonja's poison
             ... on level 2 of the Lair of Beasts.
             The game lasted 00:10:03 (13527 turns).

ChadusMaximus the Cleaver (Minotaur Berserker)     Turns: 13527, Time: 00:10:03

Health: 0/102      AC: 17    Str: 32    XL:     11   Next: 27%
Magic:  10/10      EV: 12    Int:  4    God:    Trog [****..]
Gold:   887        SH:  0    Dex: 10    Spells: 10/10 levels left

rFire   . . .      SeeInvis .   t - +0 battleaxe
rCold   . . .      Faith    .   (shield currently unavailable)
rNeg    . . .      Spirit   .   r - +0 chain mail
rPois   .          Reflect  .   (helmet restricted)
rElec   .          Harm     .   (no cloak)
rCorr   .          Rampage  .   e - +0 pair of gloves
Will    .....                   (no boots)
Stlth   ..........              (no amulet)
HPRegen 0.27/turn               g - +4 ring of protection
MPRegen 0.12/turn               w - +6 ring of strength

@: lethally poisoned (0 -> -30), on berserk cooldown, slowed, very slow
A: horns 2, retaliatory headbutt
a: Renounce Religion, Berserk, Trog's Hand, Brothers in Arms


You were on level 2 of the Lair of Beasts.
You worshipped Trog.
Trog was greatly pleased with you.
You visited 2 branches of the dungeon, and saw 12 of its levels.

You collected 887 gold pieces.

Inventory:

Hand Weapons
 a - a +0 hand axe
 t - a +0 battleaxe (weapon)
Missiles
 G - 2 throwing nets (quivered)
Armour
 b - a +0 animal skin
 e - a +0 pair of gloves (worn)
 r - a +0 chain mail (worn)
 H - a +0 kite shield
Jewellery
 g - a +4 ring of protection (left hand)
 w - a +6 ring of strength (right hand)
 I - a +4 ring of protection
 K - a +6 ring of dexterity
 N - a ring of positive energy
 O - a ring of positive energy
 P - a ring of see invisible
 Q - an amulet of the acrobat
Wands
 D - a wand of digging (6)
 E - a wand of paralysis (14)
 L - a wand of polymorph (12)
 M - a wand of flame (17)
 S - a wand of acid (3)
 T - a wand of mindburst (8)
 V - a wand of iceblast (3)
Scrolls
 f - 2 scrolls of enchant armour
 h - 3 scrolls of magic mapping
 i - 3 scrolls of teleportation
 j - 3 scrolls of poison
 k - a scroll of enchant weapon {unknown}
 l - 3 scrolls of fear
 n - a scroll of torment
 o - 4 scrolls of blinking
 q - 3 scrolls of noise
 v - a scroll of brand weapon
 y - 2 scrolls of butterflies
 z - 3 scrolls of amnesia
 J - a scroll of immolation
 R - a scroll of vulnerability
 U - 3 scrolls of identify
Potions
 c - 4 potions of might
 d - a potion of curing
 m - 3 potions of attraction
 p - 4 potions of haste
 s - a potion of berserk rage
 u - 3 potions of brilliance
 x - 3 potions of heal wounds {unknown}
 A - 4 potions of cancellation
 B - a potion of degeneration {unknown}
 C - a potion of resistance
 F - 2 potions of mutation


   Skills:
 + Level 11.2 Fighting
 + Level 11.2 Axes
 + Level 11.0 Armour
 + Level 10.0 Dodging


You had 10 spell levels left.
You didn't know any spells.
Your spell library was empty.

Dungeon Overview and Level Annotations

Branches:
Dungeon (10/15)            Temple (0/1) D:5            Lair (2/5) D:9
 Spider (0/4) Lair:2
  Swamp: Lair:2-3    Shoals: Lair:2-3       Orc: D:9-12

Altars:
Ashenzari
Dithmenos
Elyvilon
Gozag
Hepliaklqana
Kikubaaqudgha
Nemelex Xobeh
Okawaru
Vehumet
Yredelemnul

Shops:
D:5 (   D:8 [

Annotations:
D:1 1 transporter
D:10 2 runed translucent doors, exclusion: ice statue
Lair:2 Sonja


Innate Abilities, Weirdness & Mutations

You have a pair of horns on your head.
You reflexively headbutt those who attack you in melee.


Message History

Sonja hits you with a +1 short sword of venom.
You are more poisoned.
Your Armour skill increases to level 11!
You closely miss Sonja.
Sonja is severely wounded.
You feel yourself speed up.
You feel extremely sick.
Sonja mumbles some strange words.
Sonja blinks!
You feel very sick.
Sonja throws a curare-tipped dart.
The curare-tipped dart misses you.
You feel a strong urge to attack something.
You feel very sick.
Sonja hits you with a +1 short sword of venom.
You are more poisoned.
Sonja misses you. Sonja hits you but does no damage.
You are more poisoned.
You see here a basilisk corpse.
You closely miss Sonja. Your headbutt misses Sonja.
Sonja is heavily wounded.
You feel extremely sick.
Sonja gestures wildly while chanting.
Sonja blinks!
You feel very sick.
You feel a strong urge to attack something.
You are no longer berserk.
You are exhausted.
You feel yourself slow down.
* * * LOW HITPOINT WARNING * * *
You feel very sick.
Sonja throws a curare-tipped dart.
The curare-tipped dart misses you.
* * * LOW HITPOINT WARNING * * *
You feel extremely sick. Sonja hits you but does no damage.
Sonja barely misses you.
Sonja hits you with a +1 short sword of venom.
* * * LOW HITPOINT WARNING * * *
You are more poisoned.
You slash Sonja!
Sonja is almost dead.
You die...

####+## # #.# ### ###
####.#### .#..####.#
####.#P....# .........#
...........###.###...#.#
...................<.#.#
.................(.....#
.......K...###...#......
.......@...##.#..#...##.
.........†.#...#...#....
.............#...P.#.#..
########.##.##.......#..
#######.P.P.#...#
#.......... ###.##.####
######


You could see Sonja.

Vanquished Creatures
  A hydra (Lair:2)
  A black mamba (Lair:2)
  A gargoyle (D:7)
  3 cane toads (Lair:2)
  Maggie (D:8)
  A polar bear (Lair:1)
  2 hornets
  Sigmund (D:5)
  A shadow (D:10)
  A wyvern (D:9)
  9 yaks
  A wraith (D:10)
  2 basilisks
  A steam dragon (D:6)
  7 water moccasins
  2 acid dragons (D:9)
  A black bear (D:4)
  3 orc warriors
  2 sky beasts
  2 ogres
  2 centaurs
  6 wolves (Lair:1)
  2 kobold brigands
  3 scorpions
  8 bullfrogs
  3 necrophages
  2 gnoll sergeants
  8 howler monkeys
  5 hounds
  A jelly (D:4)
  5 orc priests
  3 iguanas
  Terence (D:2)
  4 orc wizards
  10 gnolls
  6 adders
  A white imp (D:6)
  A dart slug (D:1)
  26 orcs
  9 endoplasms
  6 giant cockroaches
  2 goblins (D:4)
  13 hobgoblins
  7 jackals (D:4)
  6 quokkas
  7 ball pythons
  3 bats
  8 frilled lizards
  18 kobolds
  4 rats
  A spectral hobgoblin (D:1)
224 creatures vanquished.

Vanquished Creatures (others)
  10 fungi
  27 plants
  2 withered plants (D:8)
39 creatures vanquished.

Grand Total: 263 creatures vanquished

Notes
Turn   | Place    | Note
-------+----------+-------------------------------------------
     0 | D:1      | ChadusMaximus the Minotaur Berserker began the quest for
                  | the Orb.
     0 | D:1      | Reached XP level 1. HP: 19/19 MP: 0/0
   208 | D:1      | Reached XP level 2. HP: 25/27 MP: 1/1
   586 | D:1      | Found a faded altar of an unknown god.
   966 | D:2      | Reached XP level 3. HP: 33/33 MP: 2/2
   981 | D:2      | Reached ** piety under Trog
  1362 | D:2      | Noticed Terence
  1374 | D:2      | Killed Terence
  1375 | D:2      | Reached XP level 4. HP: 22/41 MP: 3/3
  2280 | D:3      | Found a shadowy altar of Dithmenos.
  2649 | D:4      | Reached XP level 5. HP: 44/47 MP: 4/4
  2654 | D:4      | Reached *** piety under Trog
  2913 | D:4      | Reached skill level 5 in Fighting
  2913 | D:4      | Reached skill level 5 in Axes
  2920 | D:4      | Reached XP level 6. HP: 33/56 MP: 5/5
  3062 | D:4      | Found an opulent altar of Gozag.
  3749 | D:4      | Found a white marble altar of Elyvilon.
  3818 | D:5      | Entered Level 5 of the Dungeon
  3868 | D:5      | Reached skill level 5 in Armour
  3873 | D:5      | Reached XP level 7. HP: 59/62 MP: 6/6
  3910 | D:5      | Found a sparkling altar of Nemelex Xobeh.
  4015 | D:5      | Noticed Sigmund
  4019 | D:5      | Reached skill level 5 in Dodging
  4031 | D:5      | Killed Sigmund
  4111 | D:5      | Found Citum's Weapon Shop.
  4156 | D:5      | Found an ancient bone altar of Kikubaaqudgha.
  4240 | D:5      | Found a staircase to the Ecumenical Temple.
  4885 | D:6      | Reached XP level 8. HP: 57/71 MP: 7/7
  5516 | D:6      | Reached **** piety under Trog
  6145 | D:7      | Noticed a gargoyle
  6161 | D:7      | Killed a gargoyle
  6162 | D:7      | Reached XP level 9. HP: 51/81 MP: 8/8
  6610 | D:7      | Paralysed by a hornet for 2 turns
  6960 | D:7      | You fall into a shaft and drop 3 floors!
  6960 | D:10     | Entered Level 10 of the Dungeon
  7046 | D:10     | Found a hazy altar of Hepliaklqana.
  7046 | D:10     | Found an iron altar of Okawaru.
  7066 | D:10     | Noticed an ice devil
  7066 | D:10     | Noticed an ice devil
  7066 | D:10     | Noticed an ice devil
  7071 | D:10     | Noticed an ice devil
  7071 | D:10     | Noticed an ice devil
  7071 | D:10     | Noticed an ice devil
  7072 | D:10     | Noticed an ice statue
  7370 | D:8      | Paralysed by a hornet for 2 turns
  7656 | D:8      | Noticed Maggie
  7672 | D:8      | Killed Maggie
  8035 | D:8      | Found a basalt altar of Yredelemnul.
  8036 | D:8      | Found a broken altar of Ashenzari.
  8304 | D:8      | Found Jasir's Antique Armour Boutique.
  8483 | D:9      | Reached XP level 10. HP: 84/91 MP: 9/9
  8688 | D:9      | HP: 6/136 [acid dragon (5)]
  9191 | D:9      | Found a staircase to the Lair.
  9279 | D:9      | Found a radiant altar of Vehumet.
  9633 | D:10     | Found a runed translucent door.
  9633 | D:10     | Noticed an ice dragon
  9633 | D:10     | Found the +2 shield of Resistance {rF++ rC++ Will++}
  9639 | D:10     | Noticed a fire dragon
  9643 | D:10     | Noticed a fire dragon
  9645 | D:10     | Noticed an ice dragon
  9647 | D:10     | Found a runed translucent door.
 10374 | Lair:1   | Entered Level 1 of the Lair of Beasts
 10461 | Lair:1   | Reached skill level 10 in Fighting
 10461 | Lair:1   | Reached skill level 10 in Axes
 10655 | Lair:1   | Reached skill level 10 in Armour
 12156 | Lair:2   | Noticed a cane toad
 12163 | Lair:2   | Killed a cane toad
 12170 | Lair:2   | Reached XP level 11. HP: 80/101 MP: 10/10
 12403 | Lair:2   | Found a hole to the Spider Nest.
 12724 | Lair:2   | Noticed a six-headed hydra
 12735 | Lair:2   | Killed a ten-headed hydra
 13088 | Lair:2   | Reached skill level 10 in Dodging
 13092 | Lair:2   | HP: 5/102 [poisoned by a cane toad]
 13503 | Lair:2   | Noticed Sonja
 13527 | Lair:2   | Succumbed to Sonja's poison

Illustrated notes

Levels and vault maps discovered:
D:1:      spicycebolla_arrival_risky_transporter, layout_basic,
          dreamdust_ecumenical_altar_drowned_temple, serial_bayou_pond_d,
          kennysheep_another_room
D:2:      layout_loops_cross, nicolae_underground_beach, uniq_terence
D:3:      layout_basic, grunt_dithmenos_smoke_and_mirrors, grunt_ministairs_9,
          roderic_filled_cross, nicolae_concentric_dashed_squares_mild,
          dk_noncrumbling_3, minmay_fractal_squares_5
D:4:      layout_loops_cross, nicolae_elyvilon_temple_path, grunt_gozag_statues,
          roderic_serpentine_path, minmay_lizard_king
D:5:      layout_layer_cave, amcnicky_altar_gilded, old_standard_altar,
          minmay_temple_entry_statues_fountains, serial_shops, shop,
          uniq_sigmund
D:6:      wander_river, layout_cave_pools
D:7:      layout_basic
D:8:      layout_cave_pods, yredelemnul_altar_generic,
          mainiacjoe_overflow_small_starburst, serial_shops,
          nicolae_shop_window_shopping, uniq_maggie
D:9:      layout_rooms, nicolae_vehumet_altar_sigil, dpeg_oklobed_lair,
          serial_glass, glass_columns_a, glass_columns_c, glass_columns_b,
          glass_columns_a
D:10:     cheibrodos_frozen_isle, layout_basic, amethyst_overflow_temple_binary,
          chequers_serial_rivers_small_b, minmay_guarded_unrand_resistance
Lair:1:   layout_layer_cave, serial_bayou_shore_b, infiniplex_staircase_pool
Lair:2:   layout_roguey, dummy_spider_entry, uniq_sonja

Skill      XL: |  1  2  3  4  5  6  7  8  9 10 11 |
---------------+----------------------------------+-----
Armour         | 3 4 5 6 7 9 10 11 | 11.0
Axes           | 4 5 6 8 9 10 11 | 11.2
Fighting       | 4 5 6 8 9 10 11 | 11.2
Dodging        | 3 4 5 6 8 9 10 | 10.0

Action                   |  1- 3 |  4- 6 |  7- 9 | 10-12 || total
-------------------------+-------+-------+-------+-------++-------
Melee: Hand axe          |    72 |    39 |       |       ||   111
       Headbutt          |     5 |    17 |    31 |    28 ||    81
       Battleaxe         |       |   111 |   150 |   163 ||   424
       Punch             |       |     1 |       |       ||     1
Invok: Berserk           |       |       |     6 |     6 ||    12
       Trog's Hand       |       |       |     2 |     2 ||     4
  Use: Scroll            |       |       |       |    21 ||    21
       Potion            |       |       |       |     1 ||     1
Armor: Animal skin       |    26 |     5 |       |       ||    31
       Chain mail        |       |   129 |   120 |   149 ||   398
Dodge: Dodged            |    45 |    93 |   106 |   149 ||   393
